 Dungeon Crawl Stone Soup version 0.28.0-45-g0d030f2227 (webtiles) character file.

Game seed: 7698028981773229047

408 Ablot the Cutter (level 6, 0/53 HPs)
             Began as a Gnoll Chaos Knight on Apr 14, 2022.
             Was a Plaything of Xom.
             Killed from afar by an orc wizard (6 damage)
             ... with a puff of flame
             ... on level 6 of the Dungeon.
             The game lasted 00:05:36 (3980 turns).

Ablot the Cutter (Gnoll Chaos Knight)               Turns: 3980, Time: 00:05:37

Health: 0/53       AC:  8    Str: 13    XL:     6   Next: 88%
Magic:  18/18      EV: 12    Int: 12    God:    Xom [.*....]
Gold:   141        SH:  0    Dex: 11    Spells: 9/9 levels left

rFire   . . .      SeeInvis .   a - +0 short sword (chaos)
rCold   . . .      Faith    .   (no shield)
rNeg    . . .      Spirit   .   b - +2 leather armour
rPois   .          Reflect  .   j - +0 helmet
rElec   .          Harm     .   (no cloak)
rCorr   .          Rampage  .   (no gloves)
Will    .....                   v - +0 pair of boots
Stlth   ++........              (no amulet)
HPRegen 0.17/turn               i - ring of magical power
MPRegen 0.16/turn               w - ring of flight

@: flying
A: fangs 1, strong nose, distributed training
a: Renounce Religion


You were on level 6 of the Dungeon.
You worshipped Xom.
You were a plaything of Xom.
You visited 1 branch of the dungeon, and saw 6 of its levels.

You collected 171 gold pieces.
You spent 30 gold pieces at shops.

Inventory:

Hand Weapons
 a - a +0 short sword of chaos (weapon)
Missiles
 e - 58 stones
 q - 38 sling bullets
 r - 2 poisoned darts (quivered)
 s - 17 bolts
Armour
 b - a +2 leather armour (worn)
 j - a +0 helmet (worn)
 t - a +0 buckler
 v - a +0 pair of boots (worn)
Jewellery
 i - a ring of magical power (left hand)
 w - a ring of flight (right hand)
Scrolls
 c - 2 scrolls of blinking {unknown}
 f - a scroll of noise {unknown}
 g - 3 scrolls of identify {unknown}
 m - a scroll of acquirement {unknown}
 o - 2 scrolls of teleportation {unknown}
Potions
 d - a potion of attraction {unknown}
 h - 3 potions of curing
 k - 2 potions of flight {unknown}
 l - a potion of heal wounds {unknown}
 n - a potion of cancellation {unknown}
 p - a potion of invisibility {unknown}
 u - a potion of might {unknown}


   Skills:
 + Level 6.9 Fighting
 + Level 6.9 Short Blades
 + Level 2.1 Long Blades
 + Level 2.1 Axes
 + Level 2.1 Maces & Flails
 + Level 2.1 Polearms
 + Level 2.1 Staves
 + Level 2.1 Slings
 + Level 2.1 Bows
 + Level 2.1 Crossbows
 + Level 2.1 Throwing
 + Level 5.0 Armour
 + Level 3.3 Dodging
 + Level 2.1 Stealth
 + Level 2.1 Shields
 + Level 2.1 Unarmed Combat
 + Level 2.1 Spellcasting
 + Level 1.7 Conjurations
 + Level 1.7 Hexes
 + Level 1.7 Summonings
 + Level 1.7 Necromancy
 + Level 1.7 Translocations
 + Level 1.7 Transmutations
 + Level 1.7 Fire Magic
 + Level 1.7 Ice Magic
 + Level 1.7 Air Magic
 + Level 1.7 Earth Magic
 + Level 1.7 Poison Magic
 + Level 2.3 Invocations
 + Level 2.1 Evocations


You had 9 spell levels left.
You didn't know any spells.
Your spell library contained the following spells:

 Spells                   Type           Power      Damage    Failure   Level
 Corpse Rot               Necr/Air       10%        N/A       24%         2
 Poisonous Vapours        Pois/Air       10%        N/A       24%         2


Dungeon Overview and Level Annotations

Branches:
Dungeon (6/15)
 Temple: D:4-7

Altars:
Kikubaaqudgha
Qazlal

Shops:
D:2 !


Innate Abilities, Weirdness & Mutations

You have very sharp teeth.
Your uncanny sense of smell can sniff out nearby items.
Your experience applies equally to all skills.


Message History

The orc wizard casts a spell at you. The magic dart hits you!
You puncture the orc wizard!
The orc wizard is severely wounded.
The orc hits you but does no damage. The orc wizard barely misses you.
The orc hits you but does no damage. The orc wizard closely misses you.
You puncture the orc wizard!
You feel better.
You kill the orc wizard!
The orc wizard hits you but does no damage.
You are electrocuted!
You barely miss the orc wizard. The orc misses you.
You hit the orc wizard. You bite the orc wizard.
The orc wizard is moderately wounded.
The orc wizard casts a spell at you. You resist with some effort.
The orc hits you with a +0 dagger.
You barely miss the orc wizard. You bite the orc wizard.
The orc wizard is heavily wounded.
The orc wizard hits you with a +1 dagger of electrocution.
The orc hits you with a +0 dagger.
You closely miss the orc wizard.
The orc wizard is heavily wounded.
The orc wizard hits you with a +1 dagger of electrocution.
* * * LOW HITPOINT WARNING * * *
You are electrocuted!
* * * LOW HITPOINT WARNING * * *
You hit the orc wizard.
You feel better.
The orc wizard is heavily wounded.
The orc barely misses you.
You barely miss the orc wizard. Your bite misses the orc wizard.
The orc wizard is heavily wounded.
The orc wizard hits you but does no damage.
The orc closely misses you.
You hit the orc wizard but do no damage.
You bite the orc wizard, but do no damage.
The orc wizard is heavily wounded.
The orc wizard casts a spell at you. The puff of flame hits you.
You die... "Huh?
Did I miss anything?"

#.### #... ###
##..### #... #
##..###.....###
#..###
#.............#
#....
#.........#...##
##...
###.......###..##
##..
##.......###..##
##.
##.o##...##...##
##
#@o####..##...#
#).# ##......##
#..# ##.o....##
#..# #.......##
...# #..oo.....
....# #..........
#####.
.....##..... .
##.......... ##
#....>.....


You could see an orc wizard and an orc (agile).

Vanquished Creatures
  An ice beast (D:6)
  A bullfrog skeleton (D:6)
  Jessica (D:3)
  An orc wizard (D:6)
  7 gnolls (D:2)
  A howler monkey zombie (D:6)
  4 adders
  A white imp (D:6)
  6 worms
  2 dart slugs
  2 orcs
  2 endoplasms (D:3)
  3 giant cockroaches
  10 hobgoblins
  4 kobolds
  4 quokkas
  2 ball pythons (D:2)
  5 bats
  A frilled lizard (D:3)
  4 goblins
  6 rats
68 creatures vanquished.

Vanquished Creatures (collateral kills)
  A killer bee zombie (D:3)
1 creature vanquished.

Grand Total: 69 creatures vanquished

Notes
Turn   | Place    | Note
-------+----------+-------------------------------------------
     0 | D:1      | Ablot the Gnoll Chaos Knight began the quest for the Orb.
     0 | D:1      | Reached XP level 1. HP: 23/23 MP: 1/1
    50 | D:1      | XOM: divination: detect creatures
   111 | D:1      | XOM: silly message
   156 | D:1      | Reached XP level 2. HP: 29/29 MP: 2/2
   633 | D:1      | XOM: 3-stop teleportation journey
   734 | D:1      | Found a faded altar of an unknown god.
  1060 | D:2      | Found Nokhejym's Distillery.
  1064 | D:2      | XOM: silly message
  1065 | D:2      | Bought a potion of curing for 30 gold pieces
  1105 | D:2      | Reached XP level 3. HP: 29/35 MP: 3/3
  1110 | D:2      | Reached skill level 1 in Invocations
  1115 | D:2      | Reached skill level 1 in Long Blades
  1115 | D:2      | Reached skill level 1 in Axes
  1115 | D:2      | Reached skill level 1 in Maces & Flails
  1115 | D:2      | Reached skill level 1 in Polearms
  1115 | D:2      | Reached skill level 1 in Staves
  1115 | D:2      | Reached skill level 1 in Slings
  1115 | D:2      | Reached skill level 1 in Bows
  1115 | D:2      | Reached skill level 1 in Crossbows
  1115 | D:2      | Reached skill level 1 in Throwing
  1115 | D:2      | Reached skill level 1 in Stealth
  1115 | D:2      | Reached skill level 1 in Shields
  1115 | D:2      | Reached skill level 1 in Unarmed Combat
  1115 | D:2      | Reached skill level 1 in Spellcasting
  1115 | D:2      | Reached skill level 1 in Evocations
  1121 | D:2      | Reached XP level 4. HP: 22/41 MP: 3/5
  1157 | D:2      | XOM: noise
  1476 | D:2      | XOM: 1-stop teleportation journey
  1479 | D:2      | XOM: swap monsters
  1497 | D:2      | Reached skill level 1 in Conjurations
  1497 | D:2      | Reached skill level 1 in Hexes
  1497 | D:2      | Reached skill level 1 in Summonings
  1497 | D:2      | Reached skill level 1 in Necromancy
  1497 | D:2      | Reached skill level 1 in Translocations
  1497 | D:2      | Reached skill level 1 in Transmutations
  1497 | D:2      | Reached skill level 1 in Fire Magic
  1497 | D:2      | Reached skill level 1 in Ice Magic
  1497 | D:2      | Reached skill level 1 in Air Magic
  1497 | D:2      | Reached skill level 1 in Earth Magic
  1497 | D:2      | Reached skill level 1 in Poison Magic
  1583 | D:2      | XOM: summons 4 hostile shadow creatures
  1820 | D:2      | XOM: blink monster(s)
  1893 | D:2      | Reached XP level 5. HP: 32/47 MP: 7/7
  2536 | D:3      | Noticed Jessica
  2550 | D:3      | Killed Jessica
  2720 | D:3      | XOM: give mutations
  2720 | D:3      | Gained mutation: Your body sometimes deteriorates upon
                  | taking damage. [Xom's mischief]
  2720 | D:3      | Lost mutation: Your body sometimes deteriorates upon taking
                  | damage. [Xom's mischief]
  2759 | D:3      | XOM: 5-stop teleportation journey
  3008 | D:3      | Found an ancient bone altar of Kikubaaqudgha.
  3023 | D:3      | Reached XP level 6. HP: 46/53 MP: 8/8
  3548 | D:4      | You fall into a shaft and drop 2 floors!
  3572 | D:5      | Entered Level 5 of the Dungeon
  3576 | D:5      | Found a stormy altar of Qazlal.
  3613 | D:6      | XOM: enchant monster (good)
  3861 | D:6      | XOM: silly message
  3872 | D:6      | Noticed an ice beast
  3912 | D:6      | XOM: noise
  3919 | D:6      | Killed an ice beast
  3920 | D:6      | Reached skill level 5 in Armour
  3980 | D:6      | Killed from afar by an orc wizard

Illustrated notes

Levels and vault maps discovered:
D:1:      erik_arrival_cave_to_civilisation [erik_arrival_cave_to_hall],
          layout_basic, shapermc_ecumenical_altar_venn, moated_statue,
          nicolae_figureground_pulse
D:2:      layout_loops_cross, serial_shops, nicolae_shop_stone,
          skrybe_limestone_x, minmay_box_of_dots
D:3:      layout_basic, lemuel_tele_altar, uniq_jessica
D:4:      layout_layer_cave, mainiacjoe_overflow_six_doors_small,
          gammafunk_ghost_arena, portal_sewer_entry_e, mrwooster_statue_mirror
D:5:      layout_loops_ring, nicolae_overflow_hidden_temple,
          nicolae_ru_awakened_eye, uniq_ijyb, uniq_crazy_yiuf_cottage
D:6:      lemuel_insect_pit, layout_layer_cave, small_statue_intersection

Skill      XL: |  1  2  3  4  5  6 |
---------------+-------------------+-----
Invocations    | 1 2 |  2.3
Long Blades    | 1 2 |  2.1
Axes           | 1 2 |  2.1
Maces & Flails | 1 2 |  2.1
Polearms       | 1 2 |  2.1
Staves         | 1 2 |  2.1
Slings         | 1 2 |  2.1
Bows           | 1 2 |  2.1
Crossbows      | 1 2 |  2.1
Throwing       | 1 2 |  2.1
Stealth        | 1 2 |  2.1
Shields        | 1 2 |  2.1
Unarmed Combat | 1 2 |  2.1
Spellcasting   | 1 2 |  2.1
Evocations     | 1 2 |  2.1
Conjurations   | 1 |  1.7
Hexes          | 1 |  1.7
Summonings     | 1 |  1.7
Necromancy     | 1 |  1.7
Translocations | 1 |  1.7
Transmutations | 1 |  1.7
Fire Magic     | 1 |  1.7
Ice Magic      | 1 |  1.7
Air Magic      | 1 |  1.7
Earth Magic    | 1 |  1.7
Poison Magic   | 1 |  1.7
Dodging        | 3 |  3.3
Armour         | 5 |  5.0
Fighting       | |  6.9
Short Blades   | |  6.9

Action                   |  1- 3 |  4- 6 || total
-------------------------+-------+-------++-------
Melee: Short sword       |    68 |   260 ||   328
       Bite              |     2 |    25 ||    27
       Punch             |       |     6 ||     6
Throw: Dart              |       |     2 ||     2
 Stab: Sleeping          |     2 |     1 ||     3
       Confused          |     1 |     1 ||     2
       Paralysed         |       |     1 ||     1
Armor: Leather armour    |     9 |    70 ||    79
Dodge: Dodged            |    29 |   122 ||   151
